 Dungeon Crawl Stone Soup version 0.29-a0-483-g69413ace17 (webtiles) character file.

Game seed: 9059885947511289319

1022 loir the Magician (level 8, -1/59 HPs)
             Began as a Djinni Conjurer on May 24, 2022.
             Slain by Duvessa
             ... wielding a +0 short sword
              (9 damage)
             ... on level 5 of the Dungeon on May 25, 2022.
             The game lasted 00:31:43 (6075 turns).

loir the Magician (Djinni Conjurer)                 Turns: 6075, Time: 00:31:44

Health: -1/59      AC:  7    Str:  9    XL:     8   Next: 46%
Gold:   50         EV: 12    Int: 26    God:
                   SH:  0    Dex: 11

rFire   + + +      SeeInvis .   r - +1 great sword "Aptast" {freeze, rF+ Will+ Str+3}
rCold   x . .      Faith    .   (shield currently unavailable)
rNeg    . . .      Spirit   .   i - +2 animal skin
rPois   ∞          Reflect  .   j - +2 helmet {Int+3}
rElec   .          Harm     .   (no cloak)
rCorr   +          Rampage  .   (no gloves)
Will    ++...                   (boots unavailable)
Stlth   ++........              (no amulet)
HPRegen 0.19/turn               n - ring of resist corrosion
MPRegen 0.00/turn               p - ring of willpower

@: about to teleport, flying
A: sickness immunity, fire resistance 2, cold vulnerability 1, float, innate
caster, HP casting, extra vitality 1
a: no special abilities


You were on level 5 of the Dungeon.
You visited 1 branch of the dungeon, and saw 5 of its levels.

You collected 324 gold pieces.
You spent 274 gold pieces at shops.

Inventory:

Hand Weapons
 g - a +1 dagger of speed
 k - a +0 club
 r - the +1 great sword "Aptast" (weapon) {freeze, rF+ Will+ Str+3}
   (You bought it in a shop on level 4 of the Dungeon)

   It freezes those it strikes, dealing additional cold damage.
   It can also slow down cold-blooded creatures.
   Str:       It affects your strength (+3).
   rF:        It protects you from fire.
   Will:      It increases your willpower.
 u - a +1 whip of venom
Missiles
 d - 173 stones
 e - 14 poisoned darts
Armour
 a - a +1 robe
 i - a +2 animal skin (worn)
 j - a +2 helmet of intelligence (worn)
Magical Staves
 t - a staff of poison
Jewellery
 n - a ring of resist corrosion (left hand)
 p - a ring of willpower (right hand)
Wands
 q - a wand of acid (3)
 w - a wand of flame (6)
Scrolls
 m - a scroll of enchant weapon
 v - 5 scrolls of identify
Potions
 b - 5 potions of curing
 c - a potion of ambrosia
 f - a potion of heal wounds
 h - a potion of might
 l - a potion of degeneration
 o - a potion of flight


   Skills:
 + Level 5.1 Fighting
 - Level 2.1 Dodging
 - Level 1.5 Stealth
 * Level 6.7 Spellcasting


You couldn't memorise any spells.
You knew the following spells:

 Your Spells              Type           Power      Damage    Failure   Level
a - Magic Dart            Conj           100%       1d8       1%          1
b - Searing Ray           Conj           86%        2d7       1%          2
c - Dazzling Flash        Conj/Hex       86%        N/A       1%          3
d - Fulminant Prism       Conj/Hex       21%        3d13      4%          4
e - Iskenderun's Mystic   Conj/Tloc      43%        2d10      4%          4
f - Freeze                Ice            100%       1d11      1%          1
g - Scorch                Fire           86%        2d9       1%          2
h - Call Canine Familiar  Summ           43%        N/A       1%          3
Your spell library was empty.

Dungeon Overview and Level Annotations

Branches:
Dungeon (5/15)
 Temple: D:4-7

Altars:
Nemelex Xobeh
The Shining One
Beogh

Shops:
D:4 ?(**

Annotations:
D:5 Duvessa


Innate Abilities, Weirdness & Mutations

You are immune to sickness and miasma.
You are immune to poison.
Your flesh is very heat resistant. (rF++)
You are vulnerable to cold. (rC-)
You float through the air rather than walking.
You learn spells naturally, not from books.
Your magical power is your life essence.
You have superior vitality. (+4 MHP)


Message History

Aim: Duvessa, wielding a +0 short sword and wearing a +0 leather armour (heavily wounded, 84% to hit)
The searing ray hits Duvessa.
Duvessa is heavily wounded.
The searing ray hits Dowan!
Dowan is almost dead. (Press . to maintain the ray.) Duvessa hits you with a +0 short sword.
Duvessa hits you but does no damage. Dowan hits you but does no damage.
Casting: Searing Ray (safe; 1% risk of failure)
Confirm with . or Enter, or press ? or * to list all spells.
Aiming: Searing Ray (safe; 1% risk of failure)
Press: ? - help, Shift-Dir - straight line, f - Dowan, p - Duvessa
Aim: Dowan, wielding a +0 dagger and wearing a +2 robe of willpower (almost dead, 75% to hit)
Okay, then.
Casting: Searing Ray (safe; 1% risk of failure)
Confirm with . or Enter, or press ? or * to list all spells.
Casting: Dazzling Flash (safe; 1% risk of failure)
Press: ? - help, Dir - look around, f - activate Dowan is dazzled.
Duvessa is dazzled.
Duvessa closely misses you. Dowan hits you with a +0 dagger.
You hit Dowan. You freeze Dowan.
You kill Dowan!
Duvessa weeps, and shakes her weapon.
Duvessa barely misses you. x2
You closely miss Duvessa.
Duvessa is heavily wounded.
Duvessa is no longer blind.
Duvessa hits you with a +0 short sword.
You barely miss Duvessa.
Duvessa is heavily wounded.
Duvessa goes berserk!
Duvessa hits you but does no damage. Duvessa hits you with a +0 short sword!
* * * LOW HITPOINT WARNING * * *
Duvessa hits you with a +0 short sword!
* * * LOW HITPOINT WARNING * * *
You feel much better. Duvessa hits you with a +0 short sword!
* * * LOW HITPOINT WARNING * * *
As you read the scroll of teleportation, it crumbles to dust.
You feel strangely unstable. Duvessa closely misses you.
Duvessa hits you with a +0 short sword!
You die...

######### . #........
#. #........ #..
#@..############## ....
#)e.#............#
....S
#...#.....†.......
#....#...'...####+#....
#....'...#...#.........
#....#...#...+......#..
#....#...#...#......#.#
.....
#...#...########.#
##...
#...#............#


You could see Duvessa (berserk).

Vanquished Creatures
  A water moccasin (D:5)
  A black bear (D:4)
  A sky beast (D:5)
  An ogre (D:4)
  A kobold brigand (D:4)
  A necrophage (D:4)
  3 scorpions
  Dowan (D:5)
  An orc priest (D:5)
  An iguana (D:3)
  2 orc wizards
  Robin (D:3)
  6 adders
  An ufetubus (D:2)
  3 worms
  2 dart slugs
  15 orcs
  6 ball pythons
  8 bats
  5 endoplasms
  3 giant cockroaches
  11 goblins
  11 hobgoblins
  25 kobolds
  4 quokkas
  5 frilled lizards
  5 rats
125 creatures vanquished.

Vanquished Creatures (others)
  5 fulminant prisms
  37 plants (D:4)
42 creatures vanquished.

Grand Total: 167 creatures vanquished

Notes
Turn   | Place    | Note
-------+----------+-------------------------------------------
     0 | D:1      | loir the Djinni Conjurer began the quest for the Orb.
     0 | D:1      | Reached XP level 1. HP: 15/15 MP: 0/0
   295 | D:1      | Reached XP level 2. HP: 18/22 MP: 0/0
   555 | D:1      | Reached skill level 1 in Fighting
   995 | D:1      | Reached XP level 3. HP: 26/27 MP: 0/0
   995 | D:1      | Learned a level 1 spell: Freeze
  1325 | D:2      | Found a glowing golden altar of the Shining One.
  2060 | D:2      | Found a faded altar of an unknown god.
  2162 | D:3      | Reached skill level 4 in Spellcasting
  2162 | D:3      | Reached XP level 4. HP: 29/33 MP: 0/0
  2265 | D:3      | Noticed Robin
  2275 | D:3      | Killed Robin
  2781 | D:3      | Reached XP level 5. HP: 25/38 MP: 0/0
  2781 | D:3      | Learned a level 2 spell: Scorch
  3371 | D:3      | Found a sparkling altar of Nemelex Xobeh.
  3769 | D:3      | Reached XP level 6. HP: 18/46 MP: 0/0
  3966 | D:3      | Reached skill level 5 in Spellcasting
  4238 | D:4      | Found Pes Xil's General Store.
  4356 | D:4      | Found Gurra's Mass Market.
  4412 | D:4      | Noticed an ogre
  4417 | D:4      | Noticed a black bear
  4419 | D:4      | Killed an ogre
  4423 | D:4      | Killed a black bear
  4424 | D:4      | Reached XP level 7. HP: 15/51 MP: 0/0
  4424 | D:4      | Learned a level 3 spell: Call Canine Familiar
  4635 | D:4      | Found Teobri's Antique Weapon Shop.
  4677 | D:4      | Bought a crystal great sword for 218 gold pieces
  4677 | D:4      | Identified the +1 great sword "Aptast" {freeze, rF+ Will+
                  | Str+3} (You bought it in a shop on level 4 of the Dungeon)
  4975 | D:4      | Upgraded the game from 0.29-a0-477-g62b78b4225 to
                  | 0.29-a0-483-g69413ace17
  5355 | D:4      | Found Zixuxinexa's Magic Scroll Emporium.
  5361 | D:4      | Bought a scroll of identify for 28 gold pieces
  5361 | D:4      | Bought a scroll of identify for 28 gold pieces
  5523 | D:5      | Entered Level 5 of the Dungeon
  5558 | D:5      | Reached skill level 6 in Spellcasting
  5647 | D:5      | Reached XP level 8. HP: 46/58 MP: 0/0
  5951 | D:5      | Reached skill level 5 in Fighting
  6059 | D:5      | Noticed Duvessa
  6059 | D:5      | Noticed Dowan
  6071 | D:5      | Killed Dowan
  6073 | D:5      | HP: 2/59 [Duvessa/+0 short sword (9)]
  6075 | D:5      | Slain by Duvessa

Illustrated notes

Levels and vault maps discovered:
D:1:      giann_bridges, layout_basic
D:2:      layout_rooms, hellmonk_ecumenical_altar_defaced_shrine, basic_altar,
          minmay_between
D:3:      minmay_angry_zag, layout_basic, mainiacjoe_overflow_paths, uniq_robin
D:4:      kennysheep_kobold_camp, layout_rooms, serial_shops,
          kennysheep_little_box, shop, kennysheep_mini_moat, st_stairs_9,
          minmay_shop_mass
D:5:      layout_basic, uniq_duvessa

Skill      XL: |  1  2  3  4  5  6  7  8 |
---------------+-------------------------+-----
Fighting       | 1 2 3 4 5 |  5.1
Spellcasting   | 4 5 6 |  6.7
Dodging        | |  2.1
Stealth        | |  1.5

Action                   |  1- 3 |  4- 6 |  7- 9 || total
-------------------------+-------+-------+-------++-------
Melee: Great sword       |       |       |     3 ||     3
 Cast: Magic Dart        |    71 |    54 |    43 ||   168
       Searing Ray       |     5 |    16 |    14 ||    35
       Freeze            |       |     1 |       ||     1
       Fulminant Prism   |       |     2 |     4 ||     6
       Scorch            |       |     7 |     2 ||     9
       Dazzling Flash    |       |     2 |     1 ||     3
  Use: Scroll            |     6 |     4 |     4 ||    14
       Potion            |       |       |     1 ||     1
Armor: Animal skin       |       |    10 |     8 ||    18
Dodge: Dodged            |     7 |    18 |    19 ||    44

Table legend: (Time is in decaauts)
 A = Elapsed time spent in this place.
 B = Non-inter-level travel time spent in this place.
 C = Inter-level travel time spent in this place.
 D = Time resting spent in this place.
 E = Time spent auto-exploring this place.
 F = Levels seen in this place.
 G = Mean time per level.
                   A        B        C        D        E       F      G
               +--------+--------+--------+--------+--------+-----+--------+
         Total |   6078 |   5971 |    107 |    776 |   4576 |   5 | 1215.6 |
       Dungeon |   6078 |   5971 |    107 |    776 |   4576 |   5 | 1215.6 |
               +--------+--------+--------+--------+--------+-----+--------+

Top non-repeatable levels by time:
     D:3: 2030 daAuts
     D:4: 1349 daAuts
     D:1: 1291 daAuts
     D:2: 853 daAuts
     D:5: 553 daAuts
